 Dungeon Crawl Stone Soup version 0.17-a0-1842-gacc33f2 (webtiles) character file.

128 George the Slasher (level 4, -2/33 HPs)
             Began as a Demonspawn Gladiator on Sept 17, 2015.
             Slain by an iguana (7 damage)
             ... on level 4 of the Dungeon.
             The game lasted 00:04:23 (2279 turns).

George the Slasher (Demonspawn Gladiator)           Turns: 2279, Time: 00:04:23

Health: -2/33      AC:  8    Str: 17    XL:     4   Next: 86%
Magic:  4/4        EV: 11    Int:  9    God:
Gold:   200        SH:  0    Dex: 13    Spells: 0 memorised, 3 levels left

rFire  . . .     SeeInvis .     a - +0 long sword
rCold  . . .     Clarity  .     j - +0 ring mail
rNeg   . . .     SustAt   .     (no shield)
rPois  +         Gourm    .     c - +0 helmet
rElec  .         Spirit   .     (no cloak)
rCorr  +         Warding  .     m - +0 pair of gloves
rMut   .         Stasis   .     y - +0 pair of boots
MR     .....                    r - amulet of resist corrosion
Stlth  +.........               x - ring of poison resistance
                                i - ring of flight

@: not resistant to hostile enchantments, very unstealthy
A: talons 1, powered by death 1
a: Evoke Flight


You were on level 4 of the Dungeon.
You were hungry.

You visited 1 branch of the dungeon, and saw 4 of its levels.

You collected 200 gold pieces.

Inventory:

Hand weapons
 a - a +0 long sword (weapon)
Missiles
 d - 3 throwing nets (quivered)
Armour
 c - a +0 helmet (worn)
 j - a +0 ring mail (worn)
 m - a +0 pair of gloves (worn)
 y - a +0 pair of boots (worn)
Jewellery
 i - a ring of flight (left hand)
 r - an amulet of resist corrosion (around neck)
 x - a ring of poison resistance (right hand)
Scrolls
 f - 3 scrolls of remove curse {unknown}
 g - a scroll of enchant weapon {unknown}
 h - a scroll of teleportation {unknown}
 k - a scroll of amnesia {unknown}
 l - 2 scrolls of enchant armour {unknown}
 q - a scroll of recharging {unknown}
 u - a scroll of magic mapping {unknown}
 w - a scroll of identify {unknown}
Potions
 n - a potion of cure mutation {unknown}
 p - a potion of resistance {unknown}
 s - 2 potions of poison {unknown}
 t - a potion of curing {unknown}
Comestibles
 e - 4 bread rations
 o - 2 meat rations


   Skills:
 - Level 2.0 Fighting
 + Level 5.1 Long Blades
 - Level 1.7 Throwing
 - Level 2.6 Dodging


You had 3 spell levels left.
You didn't know any spells.

Dungeon Overview and Level Annotations

Branches:
Dungeon (4/15)
 Temple: D:4-7

Altars:
Nemelex Xobeh
Qazlal
Ru
Vehumet


Innate Abilities, Weirdness & Mutations

You have sharp toenails.
You regenerate a little health from kills.


Message History

You closely miss the iguana.
The iguana is heavily wounded.
The iguana closely misses you.
The iguana bites you but does no damage.
You hit the iguana.
The iguana is severely wounded.
The iguana bites you!
You hit the iguana.
The iguana is almost dead.
The iguana bites you!
* * * LOW HITPOINT WARNING * * *
You are too injured to fight recklessly!
You are too injured to fight recklessly!
You closely miss the iguana.
The iguana is almost dead.
The iguana barely misses you.
You closely miss the iguana.
The iguana is almost dead.
The iguana bites you!
You die...

.....#.......... ..
....#..#...#..###..
#.#.#..#..........#
###...............#.#
.....................
................. +###
#.#..#.#.#.#..#.#.# ...#
#.#........@l......
...###.#..###.###..#.#.#
.....#.#..............
#....'..................
##...#..................
#...###...[......##....
#...# #.##.#####.# ...#
#...# #.##.# .# ...
#...# #.# .#


You could see an iguana.

Vanquished Creatures
  6 adders
  3 oozes
  3 giant geckos
  An orc (D:3)
  5 bats
  A giant cockroach (D:2)
  8 hobgoblins
  6 jackals (D:1)
  4 kobolds
  2 quokkas
  A ball python (D:3)
  5 giant newts
  8 goblins
  6 rats
59 creatures vanquished.

Notes
Turn   | Place    | Note
--------------------------------------------------------------
     0 | D:1      | George the Demonspawn Gladiator began the quest for the Orb.
     0 | D:1      | Reached XP level 1. HP: 16/16 MP: 1/1
    98 | D:1      | Reached skill level 3 in Long Blades
   134 | D:1      | Gained mutation: You regenerate a little health from kills. [demonic ancestry]
   134 | D:1      | Reached XP level 2. HP: 15/22 MP: 2/2
   734 | D:1      | Found a sparkling altar of Nemelex Xobeh.
  1154 | D:2      | Gained mutation: You have sharp toenails. [demonic ancestry]
  1154 | D:2      | Reached XP level 3. HP: 25/27 MP: 3/3
  1160 | D:2      | Reached skill level 4 in Long Blades
  1349 | D:2      | Reached XP level 4. HP: 33/33 MP: 4/4
  1779 | D:3      | Reached skill level 5 in Long Blades
  1820 | D:3      | Found a radiant altar of Vehumet.
  2068 | D:3      | Found a sacrificial altar of Ru.
  2209 | D:3      | Found a stormy altar of Qazlal.
  2279 | D:4      | Slain by an iguana

Vault maps used:
D:1:      dpeg_arrival_boxorama, minmay_misc_feat_x, nemelex_deck
D:2:      minmay_hedge_maze, amethyst_killhole
D:3:      nicolae_overflow_crystal_walls, nicolae_qazlal_eye_of_the_storm,
          first_bread, minmay_misc_feat_plants, kennysheep_cross_room,
          nicolae_ru_path_of_blood
D:4:      grunt_gozag_statues, kennysheep_little_box, kennysheep_mini_moat

Action                   |  1- 3 |  4- 6 || total
-------------------------+-------+-------++-------
Melee: Long sword        |   136 |    75 ||   211
  Eat: Chunk             |     1 |     3 ||     4
